Map: Submarine LE

Players

Stats - Winner!

  • Race: Protoss Protoss
  • Spawn Location: 11:00

Serral

  • Race: Zerg Zerg
  • Spawn Location: 5:00

Event: StayAtHomestory Cup #2

VOD

Have the link to the VOD?

Description

Time

  • Played on: June 13, 2020, 6:35 a.m.
  • Length: 6:18

All games in this series

Show
View Real Time Build Order
Export as new Build Order

Stats Protoss - Winner!

Build Orders: 1 Gate Expand, Mass Adepts 

Get SALT Encoding   

  12  0:01  Probe  
  13  0:13  Pylon  
  13  0:15  Probe  
  14  0:23  Probe  
  15  0:32  Probe  
  16  0:41  Gateway  
  16  0:44  Probe  
  16  0:48  Assimilator  
  17  0:56  Probe  
  18  1:08  Probe  
  19  1:21  Probe  
  20  1:26  Nexus  
  20  1:34  Cybernetics Core  
  20  1:37  Probe  
  21  1:43  Assimilator  
  21  1:49  Probe  
  21  1:52  Pylon  
  22  2:00  Adept  
  22  2:01  Probe  
  23  2:10  Warp Gate  
  23  2:13  Probe  
  26  2:21  Stalker  
  26  2:25  Probe  
  27  2:35  Probe  
  27  2:36  Twilight Council  
  29  2:37  Probe  
  29  2:43  Probe  
  31  2:49  Probe  
  31  2:51  Robotics Facility  
  33  2:53  Probe  
  34  3:01  Resonating Glaives, Probe  
  34  3:02  Gateway  
  35  3:07  Adept  
  37  3:16  Probe x2  
  39  3:23  Gateway  
  39  3:27  Gateway, Warp Prism  
  41  3:42  Pylon  
  41  3:44  Probe x2  
  43  3:51  Pylon  
  43  3:56  Probe x2  
  43  4:00  Adept x2  
  49  4:04  Observer  
  49  4:09  Assimilator  
  50  4:11  Probe x2  
  50  4:12  Pylon  
  52  4:23  Adept x3  
  52  4:24  Adept  
  60  4:26  Pylon  
  60  4:29  Probe  
  60  4:31  Probe  
  62  4:42  Pylon  
  62  4:46  Adept x4  
  70  4:53  Assimilator  
  70  4:54  Pylon  
  70  5:06  Adept x2  
  70  5:07  Adept x2  
  76  5:09  Probe x2  
  79  5:27  Adept x2  
  79  5:28  Adept x2  
  79  5:49  Adept x3  
  77  5:50  Adept  
  73  5:59  Probe x2  
  61  6:11  Adept x4  
Show
View Real Time Build Order
Export as new Build Order

Serral Zerg 

Build Orders: Hatch First, Zergling Baneling 

Get SALT Encoding   

  12  0:01  Drone  
  13  0:12  Overlord  
  13  0:17  Drone  
  14  0:31  Drone x2  
  16  0:36  Drone  
  17  0:53  Hatchery  
  17  0:55  Drone  
  17  0:58  Drone  
  18  1:09  Extractor  
  17  1:12  Spawning Pool  
  17  1:16  Drone  
  17  1:19  Drone  
  18  1:28  Drone  
  19  1:39  Overlord  
  19  1:52  Drone  
  20  2:00  Queen  
  22  2:02  Zergling x2  
  22  2:04  Queen  
  22  2:05  Zergling x2  
  26  2:13  Drone  
  26  2:14  Metabolic Boost  
  28  2:15  Drone  
  28  2:22  Drone  
  29  2:26  Drone  
  30  2:39  Zergling x2  
  30  2:42  Hatchery  
  30  2:45  Queen  
  30  2:49  Overlord  
  32  2:53  Drone  
  32  2:55  Drone  
  32  2:57  Drone  
  35  2:59  Drone  
  36  3:10  Drone x4  
  40  3:13  Overlord  
  40  3:20  Drone x2  
  40  3:23  Queen  
  44  3:32  Drone x2  
  46  3:36  Spore Crawler  
  46  3:41  Drone x3  
  48  3:45  Overlord  
  48  3:46  Drone  
  49  3:54  Queen  
  51  3:56  Drone x2  
  51  3:57  Baneling Nest  
  51  3:58  Drone  
  51  4:00  Drone  
  54  4:03  Drone x2  
  54  4:07  Drone  
  54  4:08  Overlord  
  57  4:15  Zergling x6  
  57  4:16  Spore Crawler  
  59  4:18  Zergling x4  
  61  4:25  Spine Crawler  
  61  4:27  Zergling x4  
  62  4:35  Zergling x8  
  65  4:41  Baneling x5  
  65  4:42  Zergling x4, Baneling x2  
  65  4:44  Queen  
  69  4:46  Zergling x6  
  69  4:49  Baneling  
  69  4:50  Extractor  
  71  4:53  Zergling x4  
  71  4:55  Overlord  
  71  4:57  Overlord  
  71  4:59  Overlord  
  73  5:02  Overlord  
  73  5:05  Overlord  
  73  5:10  Baneling x2  
  73  5:13  Baneling  
  73  5:14  Zergling x10  
  76  5:21  Drone  
  74  5:31  Drone  
  74  5:32  Drone x2  
  69  5:41  Zergling x16  
  66  5:51  Zergling x8  
  63  5:59  Zergling x6  
Tags
 
Add a new tag
Caveats
  • Supply blocks, unpowered buildings, or Contaminate may cause inaccurate times.
  • Supply counts are checked every 10 seconds.